Map: 어센션 투 아이어 - 래더

Players

Cure

  • Race: Terran Terran
  • League: Master
  • Spawn Location: 5:00

ROOTherO (herO) - Winner!

  • Race: Protoss Protoss
  • League: Grandmaster
  • Spawn Location: 11:00

VOD

Have the link to the VOD?

Description

Time

  • Played on: Dec. 22, 2017, 3:52 a.m.
  • Length: 12:05
Show
View Real Time Build Order
Export as new Build Order

Cure Terran 

Build Orders: Reaper Expand, MMM Bio 

Get SALT Encoding   

  12  0:00  SCV  
  13  0:12  SCV  
  14  0:17  Supply Depot  
  14  0:24  SCV  
  15  0:38  SCV  
  15  0:40  Barracks  
  16  0:42  Refinery  
  16  0:50  SCV  
  17  1:02  SCV  
  18  1:14  SCV  
  19  1:27  Orbital Command, Reaper  
  20  1:39  Command Center  
  20  1:51  Supply Depot  
  20  1:52  SCV  
  21  1:59  Marine  
  22  2:05  SCV  
  23  2:17  SCV, Bunker, Barracks Reactor  
  24  2:29  SCV  
  25  2:33  Command Center  
  25  2:38  Barracks  
  25  2:41  SCV  
  26  2:50  Orbital Command  
  26  2:53  SCV  
  26  2:56  Marine x2  
  29  3:04  Barracks  
  29  3:05  SCV  
  30  3:14  Marine x2  
  30  3:17  SCV x2  
  34  3:26  Barracks Tech Lab  
  34  3:29  SCV x2  
  34  3:31  Marine  
  34  3:32  Marine  
  38  3:38  Engineering Bay  
  38  3:40  Refinery  
  38  3:41  SCV x2  
  39  3:45  Marauder  
  39  3:46  Orbital Command, Refinery  
  42  3:53  SCV x2  
  42  3:55  Barracks Tech Lab  
  44  3:56  Stimpack  
  46  4:05  SCV x2  
  46  4:07  Terran Infantry Weapons Level 1  
  46  4:11  Missile Turret  
  46  4:14  Marauder x2  
  46  4:16  SCV  
  51  4:17  SCV  
  51  4:18  SCV  
  51  4:23  Factory  
  53  4:26  Marine x2  
  53  4:29  SCV x2  
  57  4:32  Supply Depot  
  57  4:33  SCV  
  57  4:38  Supply Depot  
  58  4:41  SCV  
  58  4:42  SCV  
  58  4:45  SCV, Refinery  
  61  4:53  Marine  
  61  4:54  Marine, Marauder x2  
  61  4:55  Supply Depot  
  61  4:56  Orbital Command  
  61  4:58  SCV x3  
  69  5:02  Combat Shields, Supply Depot  
  69  5:09  Starport  
  69  5:10  Factory Reactor  
  69  5:13  Marine x2  
  71  5:16  Marauder x2  
  75  5:24  Barracks  
  75  5:25  Barracks  
  75  5:29  Supply Depot  
  75  5:33  Marine x2  
  75  5:34  SCV  
  75  5:35  SCV x2  
  80  5:39  Marauder x2  
  84  5:44  Supply Depot  
  84  5:46  Orbital Command  
  84  5:50  Missile Turret  
  84  5:51  Medivac, Factory Reactor  
  84  5:52  Medivac  
  84  5:53  SCV x2  
  84  5:57  Marine x2  
  90  6:00  Marauder x2  
  96  6:05  Terran Infantry Armor Level 1  
  96  6:07  Supply Depot  
  96  6:08  SCV x2  
  98  6:12  SCV  
  98  6:15  Barracks Tech Lab, Barracks Reactor  
  99  6:21  Marine x2  
  99  6:22  Marauder x2  
  99  6:23  SCV x2  
  99  6:24  SCV  
  108  6:33  Missile Turret  
  108  6:34  Medivac x2  
  108  6:35  Widow Mine x2  
  108  6:38  Supply Depot  
  108  6:39  Supply Depot  
  115  6:41  SCV x3  
  115  6:43  Refinery  
  115  6:44  Refinery  
  117  6:49  Armory  
  117  6:55  Liberator  
  117  6:56  Supply Depot  
  117  6:57  Liberator  
  117  6:59  Marine  
  117  7:00  Marine x3, Marauder x3  
  125  7:02  Supply Depot  
  121  7:11  Widow Mine x2  
  121  7:14  Orbital Command  
  127  7:17  Concussive Shells  
  124  7:27  Marine x2, Marauder x3  
  110  7:34  Widow Mine x2  
  114  7:37  Liberator  
  114  7:40  Supply Depot  
  112  7:45  Marine x2, Orbital Command  
  112  7:48  Marauder x2  
  112  7:49  Marauder  
  118  7:55  Barracks  
  118  7:57  Supply Depot  
  118  7:58  Supply Depot  
  112  8:07  Terran Infantry Weapons Level 2  
  112  8:08  Liberator  
  112  8:14  Marine  
  112  8:15  Marine, Marauder x2  
  118  8:21  Supply Depot  
  121  8:29  Widow Mine  
  121  8:30  Widow Mine  
  121  8:32  Marauder  
  127  8:37  Marine  
  127  8:38  Marine, Marauder x2  
  74  8:41  Liberator  
  133  8:44  Supply Depot  
  133  8:47  Barracks Reactor  
  133  8:53  Supply Depot  
  133  8:55  Marine x2  
  133  8:58  Liberator  
  138  9:04  Supply Depot  
  138  9:12  Marauder x3  
  138  9:13  Marine x2  
  138  9:16  Supply Depot  
  153  9:26  Missile Turret  
  153  9:28  Supply Depot  
  153  9:30  Liberator  
  149  9:33  SCV x2  
  149  9:35  Starport  
  149  9:36  Marine x2, Marauder x3  
  159  9:39  Factory Tech Lab  
  159  9:45  Orbital Command  
  162  9:57  Marine x4, Marauder  
  162  9:58  Marauder x2  
  145  10:20  Marine x4, Marauder x2  
  145  10:21  Marauder  
  132  10:27  SCV x3  
  135  10:34  Fusion Core  
  135  10:40  Liberator  
  135  10:42  Liberator  
  135  10:44  Marine x3  
  135  10:45  Marine  
  135  10:48  SCV  
  140  10:52  SCV x2  
  140  10:53  Liberator  
  140  10:56  Refinery  
  142  10:57  Refinery  
  147  11:07  Missile Turret  
  150  11:15  Marine x4, Marauder x2  
  157  11:24  Missile Turret  
  157  11:28  SCV  
  157  11:29  SCV x2, Supply Depot  
  160  11:33  Marine x2, Marauder  
  160  11:36  Marauder x2  
Show
View Real Time Build Order
Export as new Build Order

ROOTherO Protoss - Winner!

Build Orders: 1 Gate Expand, Blink Stalkers 

Get SALT Encoding   

  12  0:00  Probe  
  13  0:12  Probe  
  14  0:18  Pylon  
  14  0:24  Probe  
  14  0:28  Assimilator  
  15  0:37  Probe (Chrono Boost)  
  16  0:45  Gateway  
  16  0:46  Probe (Chrono Boost)  
  17  0:51  Probe (Chrono Boost)  
  18  1:03  Probe  
  19  1:15  Probe  
  20  1:21  Nexus  
  20  1:32  Cybernetics Core  
  20  1:34  Probe  
  20  1:39  Assimilator  
  21  1:46  Probe  
  22  1:49  Pylon  
  22  1:58  Probe  
  23  2:05  Stalker (Chrono Boost)  
  23  2:08  Warp Gate  
  23  2:10  Probe  
  26  2:17  Twilight Council  
  27  2:23  Probe (Chrono Boost)  
  27  2:28  Stalker  
  29  2:33  Probe (Chrono Boost)  
  29  2:35  Probe (Chrono Boost)  
  31  2:42  Probe (Chrono Boost)  
  31  2:43  Probe (Chrono Boost)  
  33  2:47  Probe (Chrono Boost)  
  33  2:49  Probe  
  35  2:54  Blink (Chrono Boost)  
  35  2:58  Stalker  
  37  3:03  Probe x2  
  39  3:15  Probe x2  
  39  3:17  Robotics Facility  
  41  3:23  Pylon  
  42  3:27  Probe x2  
  42  3:29  Stalker  
  45  3:36  Assimilator  
  45  3:39  Probe  
  47  3:41  Probe  
  47  3:46  Gateway  
  47  3:48  Gateway  
  47  3:53  Probe, Pylon  
  47  3:54  Probe  
  49  4:05  Probe, Observer (Chrono Boost)  
  49  4:06  Probe  
  52  4:10  Stalker  
  54  4:18  Nexus  
  54  4:21  Pylon  
  54  4:23  Observer (Chrono Boost)  
  55  4:26  Probe x2  
  57  4:34  Stalker  
  57  4:38  Probe x2  
  62  4:41  Immortal  
  62  4:45  Pylon  
  65  4:50  Probe x2  
  67  5:02  Probe x2  
  69  5:08  Sentry x2  
  69  5:09  Sentry, Pylon  
  75  5:14  Probe x2  
  75  5:19  Gateway x2  
  77  5:22  Gateway  
  77  5:23  Gateway  
  77  5:24  Gateway  
  77  5:25  Resonating Glaives (Chrono Boost)  
  77  5:29  Immortal (Chrono Boost)  
  81  5:37  Probe x3  
  81  5:42  Sentry  
  86  5:49  Probe x3  
  89  5:50  Adept, Pylon  
  91  5:59  Warp Prism (Chrono Boost)  
  93  6:06  Adept x2  
  93  6:08  Pylon  
  93  6:10  Pylon  
  97  6:15  Adept  
  97  6:16  Adept  
  97  6:17  Adept x3  
  107  6:19  Pylon  
  107  6:23  Adept  
  108  6:29  Adept  
  108  6:30  Adept  
  112  6:45  Stalker x5  
  122  6:58  Pylon  
  122  6:59  Pylon  
  122  7:13  Adept x5  
  132  7:19  Probe x3  
  123  7:30  Warp Prism (Chrono Boost)  
  123  7:32  Probe x2  
  123  7:33  Adept x8  
  141  7:39  Forge x2  
  141  7:47  Nexus  
  141  7:54  Probe x2  
  141  7:57  Pylon  
  141  7:59  Observer (Chrono Boost), Pylon  
  141  8:00  Pylon  
  140  8:07  Adept x4  
  140  8:09  Protoss Ground Armor Level 1 (Chrono Boost), Protoss Ground Weapons Level 1 (Chrono Boost)  
  148  8:22  Charge (Chrono Boost)  
  148  8:25  Probe  
  148  8:26  Probe x2, Assimilator x2  
  151  8:32  Zealot x3  
  151  8:33  Zealot x5  
  167  8:39  Probe x2  
  170  8:42  Pylon x2  
  170  8:43  Pylon  
  170  8:47  Immortal  
  173  8:51  Observer  
  173  8:57  Pylon  
  173  8:58  Probe  
  168  9:14  Observer  
  168  9:16  Zealot x8  
  184  9:18  Templar Archives  
  184  9:26  Immortal, Gateway  
  184  9:29  Gateway  
  188  9:41  Protoss Ground Armor Level 2 (Chrono Boost), Protoss Ground Weapons Level 2 (Chrono Boost)  
  188  9:48  Adept x6  
  188  9:52  Pylon  
  200  9:53  Pylon  
  200  9:55  Gateway  
  200  9:57  Gateway  
  170  10:20  Stalker x5  
  170  10:21  Immortal (Chrono Boost), Stalker x3  
  154  10:41  Zealot x2  
  158  10:44  Zealot x7, Sentry  
  158  10:49  Pylon  
  174  10:51  Immortal (Chrono Boost)  
  178  11:06  Zealot x11  
  199  11:33  Robotics Facility  
  199  11:35  Pylon  
  185  11:49  Zealot x12, Nexus  
Tags
 
Add a new tag
Caveats
  • Supply blocks, unpowered buildings, or Contaminate may cause inaccurate times.
  • Supply counts are checked every 10 seconds.